Map: Oxide LE

Players

Voidray

  • Race: Protoss Protoss
  • League: Master
  • Spawn Location: 7:00

kirby - Winner!

  • Race: Terran Terran
  • League: Master
  • Spawn Location: 1:00

VOD

Have the link to the VOD?

Description

Time

  • Played on: Nov. 27, 2020, 9:39 p.m.
  • Length: 16:46
Show
View Real Time Build Order
Export as new Build Order

Voidray Protoss 

Build Orders: 1 Gate Expand, Blink Stalkers 

Get SALT Encoding   

  12  0:00  Probe  
  13  0:12  Probe  
  14  0:17  Pylon  
  14  0:24  Probe (Chrono Boost)  
  15  0:36  Gateway, Probe (Chrono Boost)  
  16  0:43  Probe (Chrono Boost)  
  16  0:47  Assimilator  
  17  0:54  Probe  
  18  1:06  Probe  
  20  1:18  Probe  
  20  1:26  Cybernetics Core  
  20  1:34  Nexus  
  20  1:39  Probe  
  21  1:45  Pylon  
  21  1:51  Probe  
  22  1:55  Assimilator  
  22  2:01  Adept (Chrono Boost)  
  22  2:04  Probe  
  25  2:14  Warp Gate  
  25  2:16  Probe  
  26  2:25  Stalker  
  26  2:28  Probe  
  29  2:42  Twilight Council  
  29  2:43  Probe (Chrono Boost)  
  30  2:46  Probe (Chrono Boost)  
  31  2:56  Gateway, Probe x2 (Chrono Boost)  
  33  3:01  Sentry, Probe  
  33  3:04  Probe  
  37  3:07  Pylon  
  37  3:13  Probe  
  37  3:16  Probe  
  39  3:25  Probe  
  40  3:28  Blink (Chrono Boost), Probe  
  39  3:38  Probe  
  40  3:44  Nexus  
  40  3:46  Probe  
  41  4:01  Stalker  
  41  4:02  Stalker  
  45  4:07  Probe x2  
  46  4:17  Robotics Facility  
  46  4:18  Forge  
  46  4:19  Probe x2  
  48  4:24  Assimilator  
  48  4:26  Stalker  
  48  4:30  Stalker  
  48  4:31  Probe x2  
  54  4:39  Gateway  
  54  4:46  Pylon  
  54  4:48  Pylon  
  54  4:56  Probe x2  
  55  5:00  Probe  
  55  5:05  Assimilator  
  55  5:07  Pylon  
  55  5:08  Probe x2  
  55  5:09  Stalker  
  55  5:10  Stalker  
  55  5:12  Probe  
  55  5:13  Protoss Ground Weapons Level 1 (Chrono Boost)  
  62  5:14  Pylon  
  62  5:15  Observer  
  62  5:20  Probe x2  
  65  5:24  Pylon, Probe  
  65  5:27  Charge  
  66  5:32  Probe  
  67  5:37  Stalker  
  69  5:50  Immortal, Gateway, Observer  
  69  5:51  Gateway  
  73  6:02  Probe  
  73  6:03  Probe x2  
  76  6:05  Shield Battery, Pylon  
  76  6:07  Assimilator  
  76  6:11  Assimilator  
  76  6:21  Probe x2  
  76  6:22  Zealot x2  
  76  6:23  Zealot  
  82  6:27  Robotics Bay  
  82  6:28  Gateway  
  82  6:32  Gateway  
  82  6:34  Immortal, Observer  
  82  6:38  Probe x2  
  88  6:46  Stalker, Zealot, Gateway  
  92  6:47  Gateway  
  92  6:57  Zealot  
  92  6:58  Stalker, Zealot  
  92  6:59  Probe x3  
  101  7:03  Nexus  
  101  7:12  Colossus (Chrono Boost)  
  106  7:25  Zealot x3  
  110  7:35  Stalker x2  
  112  7:38  Extended Thermal Lance (Chrono Boost)  
  112  7:53  Probe  
  112  7:54  Probe x2  
  112  7:58  Templar Archives  
  115  8:00  Observer  
  115  8:04  Pylon  
  108  8:08  Pylon  
  108  8:11  Pylon, Zealot  
  108  8:12  Zealot x6  
  94  8:26  Zealot x2  
  94  8:27  Psionic Storm  
  88  8:34  Probe x3  
  88  8:36  Assimilator  
  88  8:38  Assimilator, Stalker  
  88  8:39  Stalker x4  
  88  8:40  Pylon, High Templar  
  103  8:45  Immortal  
  107  9:05  Stalker x2  
  107  9:06  Stalker x2  
  107  9:07  Stalker x3  
  118  9:14  Protoss Ground Weapons Level 2 (Chrono Boost)  
  114  9:18  Zealot x2  
  114  9:19  Probe x2  
  114  9:23  Colossus (Chrono Boost)  
  126  9:33  High Templar  
  126  9:35  Zealot x5  
  136  9:48  Stalker  
  136  9:49  Stalker  
  132  10:01  Probe x3  
  135  10:08  Probe  
  135  10:12  High Templar  
  135  10:13  Immortal (Chrono Boost), Probe x3, High Templar  
  147  10:20  Probe  
  148  10:25  Probe x3  
  151  10:31  High Templar x2  
  151  10:32  Probe  
  156  10:37  Probe  
  157  10:43  Nexus  
  157  10:46  Colossus  
  157  10:47  Pylon  
  157  10:49  Pylon  
  163  10:50  Robotics Facility  
  163  10:53  Pylon  
  163  11:15  Photon Cannon  
  163  11:16  Photon Cannon  
  163  11:20  Photon Cannon  
  163  11:21  High Templar x2  
  163  11:22  Stargate, Zealot x2, High Templar x2  
  163  11:23  Photon Cannon  
  163  11:24  Pylon  
  175  11:27  Pylon x2  
  175  11:30  Pylon  
  140  11:50  Archon  
  114  11:56  Colossus x2 (Chrono Boost), Zealot x2  
  114  11:57  Zealot x4  
  120  12:05  Probe (Chrono Boost)  
  125  12:08  Zealot x2  
  125  12:10  Probe x3 (Chrono Boost)  
  125  12:11  Probe (Chrono Boost)  
  125  12:14  Protoss Ground Weapons Level 3 (Chrono Boost)  
  129  12:18  Probe (Chrono Boost)  
  129  12:22  Zealot x2  
  132  12:23  Stalker x4  
  142  12:31  Probe  
  142  12:32  Probe x4  
  147  12:37  Pylon  
  147  12:39  Fleet Beacon  
  147  12:43  Colossus (Chrono Boost)  
  153  12:44  Observer  
  154  12:53  High Templar x3  
  154  12:54  Stalker x3  
  166  13:02  Assimilator  
  166  13:05  Zealot  
  168  13:06  Assimilator  
  168  13:08  Immortal (Chrono Boost)  
  168  13:10  Pylon  
  172  13:16  Zealot x2  
  176  13:26  Carrier  
  182  13:27  Protoss Air Weapons Level 1  
  182  13:34  Immortal (Chrono Boost)  
  186  13:44  Immortal (Chrono Boost)  
  166  14:06  Colossus  
  147  14:11  Zealot x5  
  147  14:16  Colossus  
  157  14:23  Zealot x4  
  163  14:34  Carrier (Chrono Boost)  
  169  14:48  Archon x3  
  169  14:50  Zealot x3  
  169  14:51  Zealot x5  
  153  14:59  Zealot  
  133  15:00  Immortal  
  119  15:10  Immortal (Chrono Boost)  
  113  15:15  Stalker  
  113  15:16  Stalker x4  
  113  15:17  Stalker x3  
  123  15:25  Zealot  
  123  15:36  Carrier (Chrono Boost)  
  123  15:39  Gateway  
  123  15:40  Gateway, Observer (Chrono Boost)  
  123  15:41  High Templar x4  
  123  15:42  Gateway x2  
  138  15:44  Gateway  
  138  15:47  Stalker x3  
  138  15:48  High Templar x2  
  138  15:49  Observer (Chrono Boost)  
  149  15:56  Colossus (Chrono Boost)  
  155  16:01  Observer (Chrono Boost)  
  156  16:10  Stalker x2  
  156  16:17  Observer  
  139  16:18  Stalker  
  139  16:19  Stalker x3  
  139  16:20  Stalker  
  143  16:29  Archon x2  
  143  16:30  Stalker x2  
Show
View Real Time Build Order
Export as new Build Order

kirby Terran - Winner!

Build Orders: Reaper Expand 

Get SALT Encoding   

  12  0:00  SCV  
  13  0:12  SCV  
  14  0:17  Supply Depot  
  14  0:24  SCV  
  15  0:38  SCV  
  15  0:40  Barracks  
  16  0:43  Refinery  
  16  0:50  SCV  
  17  1:02  SCV  
  18  1:15  SCV  
  19  1:28  Reaper, Orbital Command  
  20  1:45  Command Center  
  20  1:54  SCV  
  20  1:56  Supply Depot  
  22  2:01  Marine  
  22  2:09  SCV  
  22  2:11  Factory  
  23  2:20  Refinery  
  23  2:21  SCV  
  24  2:22  Barracks Reactor  
  24  2:33  SCV  
  25  2:42  Bunker  
  25  2:45  SCV  
  26  2:56  Hellion  
  26  2:57  Starport, SCV  
  26  2:58  Marine  
  29  2:59  Marine  
  31  3:09  Orbital Command  
  31  3:13  SCV  
  31  3:16  Marine  
  31  3:17  Marine  
  34  3:32  SCV  
  34  3:33  Widow Mine  
  37  3:35  Medivac  
  37  3:39  Supply Depot  
  39  3:41  SCV  
  39  3:44  SCV  
  41  3:48  Marine  
  41  3:49  Marine  
  43  3:58  SCV  
  43  4:02  SCV  
  43  4:05  Supply Depot  
  43  4:06  Starport Tech Lab, Factory Tech Lab  
  42  4:10  SCV  
  42  4:14  SCV  
  42  4:16  Marine  
  42  4:17  Marine  
  45  4:22  SCV  
  47  4:25  Barracks  
  47  4:26  Raven, Barracks, SCV  
  47  4:30  Supply Depot  
  50  4:34  Marine  
  50  4:35  SCV  
  52  4:38  SCV  
  53  4:48  SCV  
  53  4:50  SCV  
  55  4:54  Supply Depot  
  55  5:00  SCV  
  55  5:02  SCV  
  55  5:06  Engineering Bay  
  55  5:08  Marine x2  
  55  5:09  Command Center  
  55  5:12  SCV  
  58  5:16  Widow Mine, SCV  
  58  5:18  Supply Depot  
  58  5:20  Starport Reactor  
  58  5:21  Marauder, Supply Depot, Marine  
  63  5:23  Stimpack  
  63  5:24  SCV  
  65  5:30  Marine  
  65  5:31  Marine, SCV  
  65  5:33  Terran Infantry Weapons Level 1  
  68  5:36  SCV  
  68  5:37  Widow Mine  
  71  5:44  Supply Depot x2, SCV  
  71  5:45  Combat Shield  
  71  5:48  SCV  
  73  5:55  Marauder x2, Marine  
  73  5:56  SCV  
  79  6:00  Refinery, SCV  
  80  6:05  Medivac  
  80  6:06  Medivac  
  80  6:08  SCV  
  85  6:12  SCV  
  85  6:15  Marine  
  85  6:16  Marauder x2  
  91  6:20  SCV  
  91  6:23  Marine  
  94  6:28  SCV  
  94  6:30  Orbital Command  
  94  6:32  SCV  
  95  6:33  Marine  
  95  6:34  Widow Mine  
  98  6:40  SCV  
  98  6:41  Marauder  
  98  6:42  Marauder  
  98  6:44  SCV  
  98  6:47  Supply Depot  
  104  6:48  Supply Depot  
  104  6:49  Marine  
  104  6:52  SCV  
  106  6:54  Orbital Command  
  106  6:56  SCV  
  107  7:02  Marauder  
  107  7:03  Concussive Shells  
  107  7:04  Refinery, SCV  
  107  7:05  Marauder, Marine  
  107  7:07  Marine  
  114  7:11  Medivac  
  116  7:17  SCV x2  
  116  7:22  Marine  
  118  7:24  Marauder, Supply Depot, SCV  
  118  7:26  Supply Depot  
  118  7:29  SCV x2  
  118  7:37  Marine  
  118  7:38  Marauder  
  118  7:40  Marine  
  118  7:43  Widow Mine  
  118  7:44  Liberator  
  124  7:45  Marauder, Viking  
  124  7:46  SCV  
  124  7:50  Barracks  
  124  7:51  Barracks  
  132  7:52  Armory  
  132  7:55  Terran Infantry Armor Level 1  
  132  7:59  Refinery  
  132  8:00  Refinery, Command Center  
  127  8:10  Marauder, Marine x2  
  127  8:11  Marauder  
  106  8:21  Widow Mine, Liberator  
  109  8:28  Marine x2  
  108  8:38  Marauder x2  
  112  8:44  Factory Reactor  
  112  8:45  Barracks Tech Lab, Starport, Barracks Reactor  
  112  8:49  Engineering Bay  
  112  8:50  Terran Ship Weapons Level 1  
  112  8:51  SCV x2  
  112  8:52  SCV  
  115  8:59  Marauder, Marine x3  
  120  9:06  Barracks  
  120  9:07  Barracks  
  120  9:08  Ghost Academy  
  120  9:10  Barracks  
  120  9:11  Marauder  
  120  9:15  Liberator  
  120  9:16  Marine, Medivac  
  120  9:17  Marauder, Marine  
  128  9:25  Marauder, Marine x2  
  128  9:28  Command Center  
  128  9:29  Factory Reactor  
  132  9:31  Bunker  
  132  9:32  Marine  
  132  9:34  Marine  
  132  9:37  Missile Turret  
  132  9:38  Missile Turret  
  134  9:39  Missile Turret  
  134  9:41  Enhanced Shockwaves  
  134  9:42  Marine x2  
  134  9:43  Marine, Missile Turret  
  134  9:44  Missile Turret  
  137  9:46  Missile Turret  
  137  9:52  Marine x2  
  141  9:55  Ghost x3  
  141  9:58  Viking x2  
  144  10:10  Marine  
  144  10:13  Viking x2  
  149  10:21  Marine x6  
  150  10:24  Marauder x3  
  150  10:26  Planetary Fortress  
  161  10:32  SCV x3  
  164  10:38  Marine  
  164  10:39  Marine x2  
  164  10:45  Marauder  
  164  10:46  Marauder x2  
  170  10:50  Marine x3  
  170  10:51  Marine  
  170  10:56  Marine x3  
  177  11:07  Marauder x3  
  177  11:08  Personal Cloaking, Marine  
  183  11:11  Viking x2  
  183  11:17  Supply Depot x2  
  187  11:18  Supply Depot  
  187  11:19  Widow Mine, Viking x2, Marine x2  
  187  11:20  Barracks Tech Lab  
  187  11:21  Barracks Tech Lab  
  187  11:25  Refinery x2  
  194  11:28  Marauder x2, Ghost  
  200  11:33  Command Center  
  176  11:48  Marauder, Marine  
  176  11:49  Marauder  
  176  11:50  Marine  
  176  11:51  Marauder x2, Marine x2  
  152  12:02  Marauder, Marine  
  155  12:09  Marine  
  155  12:10  Marauder x2, Marine x3  
  155  12:11  Viking x4  
  155  12:12  Marine  
  155  12:15  Ghost Academy  
  172  12:16  Ghost Academy  
  172  12:18  Refinery  
  172  12:19  Refinery  
  172  12:24  Marauder x2, Marine  
  172  12:28  SCV x2  
  172  12:29  Planetary Fortress  
  179  12:33  Missile Turret  
  179  12:34  Nuke  
  179  12:35  Missile Turret  
  179  12:43  Viking x2  
  183  12:48  Orbital Command  
  183  12:51  Command Center  
  183  12:53  Terran Infantry Weapons Level 2, Missile Turret  
  183  12:54  Terran Infantry Armor Level 2  
  183  12:55  Nuke  
  183  12:56  Nuke  
  183  12:58  Ghost  
  183  13:07  Ghost x3  
  189  13:27  Marine  
  189  13:28  Marauder x2, Marine  
  193  13:41  Marauder x2, Marine x2  
  171  14:18  Marauder x2, Marine x2  
  171  14:21  Marauder, Marine x3  
  171  14:22  Marauder  
  184  14:27  Marauder  
  186  14:34  Liberator x3  
  186  14:35  Marine, Liberator  
  186  14:36  Marine  
  186  14:53  Marauder x2, Marine x3  
  186  14:56  Marauder x2, Marine x3  
  186  14:57  Widow Mine  
  167  15:09  Orbital Command  
  167  15:10  Marine x2  
  167  15:11  Marine  
  167  15:13  Marine  
  167  15:14  Marauder, Marine  
  170  15:18  Ghost x3  
  170  15:19  Ghost  
  172  15:28  Marine x3  
  172  15:31  Marine x2  
  172  15:35  Ghost  
  176  15:46  Marine x2  
  176  15:47  Viking x2, Ghost  
  176  15:48  Marauder x3  
  192  16:04  Marauder  
  192  16:09  Marauder x2  
  195  16:14  Marauder, Marine x3  
  195  16:16  Marauder  
Tags
 
Add a new tag
Caveats
  • Supply blocks, unpowered buildings, or Contaminate may cause inaccurate times.
  • Supply counts are checked every 10 seconds.